[Event "*** Titled Tuesday Blitz"]
[Site "Chess.com"]
[Date "2021.04.20"]
[Round "5"]
[White "Jumbo"]
[Black "lider34"]
[Result "1-0"]
[WhiteElo "2795"]
[BlackElo "2459"]
[TimeControl "180+1"]
[EndTime "10:52:41 PDT"]
[Termination "Jumbo won by resignation"]

1. e4 c6 2. Nf3 d5 3. Nc3 dxe4 4.
Nxe4 Nf6 5. Ng3 g6 6. Bc4 Bg7 7. O-O O-O 8. h3 c5 9. c3 Nc6 10. d4 cxd4 11. cxd4 Nd5 12. Bb3 Na5 13. Ba4 Bd7 14. Bc2 Rc8 15. Re1 Nb4 16. Bb1 Bc6 17. Ne5 Bd5 18. Bd2 Nac6 19. Bc3 Be6 20. Ng4 Nd5 21. Be4 Qd6 22. Bf3 Rfd8 23. Ne4 Qc7 24.
Nc5 Nf4 25. Nxe6 fxe6 26. Re4 Rd5 27. Qe1 Qd6 28. Rxf4 1-0

[Event "*** Titled Tuesday Blitz"]
[Site "Chess.com"]
[Date "2021.04.20"]
[Round "5"]
[White "vanyakuba"]
[Black "manitodeplomo"]
[Result "0-1"]
[WhiteElo "2394"]
[BlackElo "2575"]
[TimeControl "180+1"]
[EndTime "10:52:41 PDT"]
[Termination "manitodeplomo won on time"]

1. e4 g6 2. d4 Bg7 3. Nc3 c5 4. Nf3 Qa5 5. d5 Bxc3+ 6. bxc3 Nf6 7. e5 Nxd5 8. Qxd5 Qxc3+ 9. Kd1 Qxa1 10. Bc4 O-O 11. Ke2 Nc6 12. Bh6 Nd4+ 13. Nxd4 Qxd4 14. Qxd4 cxd4 15. Bxf8 Kxf8 0-1

[Event "*** Titled Tuesday Blitz"]
[Site "Chess.com"]
[Date "2021.04.20"]
[Round "5"]
[White "AlexPapasimakopoulos"]
[Black "Grandelicious"]
[Result "0-1"]
[WhiteElo "2603"]
[BlackElo "2824"]
[TimeControl "180+1"]
[EndTime "10:52:42 PDT"]
[Termination "Grandelicious won by resignation"]

1. d4 Nf6 2. c4 e6 3. Nc3 Bb4 4. Qc2 b6 5. a3 Bxc3+ 6. Qxc3 Bb7 7. f3 c5 8. dxc5 bxc5 9. Bg5 h6 10. Bh4 Nc6 11. e3 Qa5 12. Bxf6 gxf6 13. Qxa5 Nxa5 14. b4 cxb4 15. axb4 Nc6 16. b5 Ne5 17. f4 Ng4 18. Ke2 f5 19. Nf3 Ke7 20. g3 Rhc8 21. Ra4 a6 22. b6 Rc6 23. Bg2 Rxb6 24. Ra2 Rb3 25. h3 Bxf3+ 26. Bxf3 Rxe3+ 27. Kd2 Rxf3 28. hxg4 Rf2+ 0-1

[Event "*** Titled Tuesday Blitz"]
[Site "Chess.com"]
[Date "2021.04.20"]
[Round "5"]
[White "gagtemp"]
[Black "LamaChampetre"]
[Result "0-1"]
[WhiteElo "1958"]
[BlackElo "2188"]
[TimeControl "180+1"]
[EndTime "10:52:42 PDT"]
[Termination "LamaChampetre won by resignation"]

1. e4 c5 2. Nf3 g6 3. d4 cxd4 4. Nxd4 Nc6 5. Nc3 Bg7 6. Be3 Nf6 7. f3 O-O 8. Bc4 a6 9. Qd2 Qc7 10. Bb3 b5 11. O-O-O Bb7 12. h4 h5 13. g4 e6 14. Bh6 Nxd4 15. Bxg7 Nxb3+ 16. axb3 Kxg7 17. Qg5 d6 18. Rhg1 Qc5 19. Qf4 Rac8 20. Rg2 Qe5 21. Qe3 hxg4 22. fxg4 Nxe4 23. Nxe4 Qxe4 24. Qf2 Qxg2 0-1

[Event "*** Titled Tuesday Blitz"]
[Site "Chess.com"]
[Date "2021.04.20"]
[Round "5"]
[White "Sanan_Sjugirov"]
[Black "Rodalquilar"]
[Result "0-1"]
[WhiteElo "2914"]
[BlackElo "2736"]
[TimeControl "180+1"]
[EndTime "10:52:50 PDT"]
[Termination "Rodalquilar won on time"]

1. d4 d5 2. c4 e6 3. Nf3 Nf6 4. Nc3 a6 5. cxd5 exd5 6. Bg5 Be6 7. e3 Nbd7 8. Bd3 c6 9. O-O Bd6 10. Bf4 Qe7 11. Bxd6 Qxd6 12. h3 h6 13. a3 g5 14.
Nd2 g4 15. h4 g3 16. f4 Bg4 17.
Qe1 Nh5 18. Be2 Rg8 19. Qd1 Ndf6 20. Nf3 Qe7 21. Ne5 Bxe2 22. Qxe2 Ng4 23. Nxg4 Qxh4 24.
Rfe1 Rxg4 25. Qf3 Kf8 26. Kf1 Nxf4 27. exf4 Rxf4 0-1

[Event "*** Titled Tuesday Blitz"]
[Site "Chess.com"]
[Date "2021.04.20"]
[Round "5"]
[White "deribas12345"]
[Black "Abund"]
[Result "0-1"]
[WhiteElo "2540"]
[BlackElo "2738"]
[TimeControl "180+1"]
[EndTime "10:52:50 PDT"]
[Termination "Abund won by resignation"]

1. d4 Nf6 2. c4 g6 3. Nc3 d5 4.
Bg5 Bg7 5. Nf3 Ne4 6. Bh4 Nxc3 7. bxc3 dxc4 8. e3 b5 9. a4 c6 10. Be2 O-O 11. O-O Nd7 12. axb5 cxb5 13. Qb1 a6 14. Qe4 Ra7 15. Rfb1 Nf6 16. Bxf6 Bf5 17. Qc6 Bxf6 18. Rb2 Qb8 19. e4 Rc8 20. Qd5 Be6 0-1

[Event "*** Titled Tuesday Blitz"]
[Site "Chess.com"]
[Date "2021.04.20"]
[Round "5"]
[White "frenchpin"]
[Black "iulik86"]
[Result "1-0"]
[WhiteElo "2424"]
[BlackElo "2575"]
[TimeControl "180+1"]
[EndTime "10:52:53 PDT"]
[Termination "frenchpin won by resignation"]

1. e4 c5 2. Nf3 d6 3. d4 cxd4 4.
Nxd4 Nf6 5. f3 Nc6 6. c4 Qb6 7.
Nc2 g6 8. Nc3 Bg7 9. Rb1 Ng4 10.
Qd2 Nge5 11. Nd5 Qd8 12. Be2 O-O 13. O-O f5 14. f4 Nf7 15. Bf3 fxe4 16. Bxe4 Nh6 17.
b4 e6 18. Nde3 Nf5 19. Bxf5 gxf5 20. b5 Na5 21. Ba3 Qb6 22. Kh1 Rd8 23. Bb4 1-0

[Event "*** Titled Tuesday Blitz"]
[Site "Chess.com"]
[Date "2021.04.20"]
[Round "5"]
[White "Pertinhez76"]
[Black "Legendinunknown"]
[Result "0-1"]
[WhiteElo "2062"]
[BlackElo "2586"]
[TimeControl "180+1"]
[EndTime "10:52:54 PDT"]
[Termination "Legendinunknown won by checkmate"]

1. d4 Nf6 2. Nf3 g6 3. Bf4 Bg7 4. Nc3 d5 5. Qd2 O-O 6. Bh6 c5 7. h4 Ne4 8. Nxe4 dxe4 9. Bxg7 Kxg7 10. Ng5 Qxd4 11. Qxd4+ cxd4 12. Nxe4 Nc6 13. O-O-O Bf5 14. Ng3 Be6 15. a3 Rad8 16. h5 f5 17. h6+ Kf6 18. e3 dxe3 19. fxe3 Rxd1+ 20. Kxd1 Rd8+ 21. Kc1 Bf7 22. Bb5 Ne5 23. Rf1 Ng4 24. e4 Nxh6 25. Bd3 e6 26. exf5 exf5 27. Ne4+ Kg7 28. Nc5 b6 29. Na6 Ng4 30. Nb4 Ne5 31. Be2 a5 32. Na6 Bc4 33.
Rf2 Kf6 34. b4 Bxe2 35. Rxe2 Nc4 36. bxa5 bxa5 37. a4 Rd7 38. Nc5 Re7 39. Rf2 Re1# 0-1

[Event "*** Titled Tuesday Blitz"]
[Site "Chess.com"]
[Date "2021.04.20"]
[Round "5"]
[White "BL4D3RUNN3R"]
[Black "NovikovaGalina"]
[Result "0-1"]
[WhiteElo "2111"]
[BlackElo "2311"]
[TimeControl "180+1"]
[EndTime "10:52:55 PDT"]
[Termination "NovikovaGalina won on time"]

1. Nf3 d5 2. c4 c6 3. g3 Bg4 4. Ne5 Bf5 5. Bg2 e6 6. cxd5 exd5 7. O-O Nf6 8. d3 Bd6 9. Bf4 Qc7 10. e4 dxe4 11. dxe4 Be6 12. Nxf7 Bxf4 13. Nxh8 Be5 14. Nc3 Nbd7 15. f4 Bxc3 16. bxc3 O-O-O 17. f5 Bc4 18. Rf2 Rxh8 19. Qa4 Ba6 20. Rb1 Nc5 21. Qb4 Nd3 22.
Qd4 Nxf2 23. Qxa7 Nd3 24. Bf1 Nxe4 25. Bxd3 Bxd3 26. Qa8+ Qb8 27. Qa3 Bxb1 0-1

[Event "*** Titled Tuesday Blitz"]
[Site "Chess.com"]
[Date "2021.04.20"]
[Round "5"]
[White "Grandmaster2B"]
[Black "dretch"]
[Result "0-1"]
[WhiteElo "2555"]
[BlackElo "2777"]
[TimeControl "180+1"]
[EndTime "10:53:03 PDT"]
[Termination "dretch won on time"]

1. e4 e6 2. d4 d5 3. Nd2 c5 4. exd5 Qxd5 5. dxc5 Qxc5 6. Ngf3 Nf6 7. Bd3 Nbd7 8. O-O Be7 9. Qe2 O-O 10. c3 b6 11. Ne4 Qc7 12. Bg5 Bb7 13. Rad1 Rad8 14. Bh4 Nd5 15. Bg3 Qc8 16. Nd6 Bxd6 17. Bxd6 Rfe8 18.
Bb1 e5 19. Ng5 N7f6 20. Bxe5 Nf4 21. Qe3 Qg4 0-1

[Event "*** Titled Tuesday Blitz"]
[Site "Chess.com"]
[Date "2021.04.20"]
[Round "5"]
[White "martinique24"]
[Black "Bad_left_hook"]
[Result "0-1"]
[WhiteElo "2465"]
[BlackElo "2633"]
[TimeControl "180+1"]
[EndTime "10:53:05 PDT"]
[Termination "Bad_left_hook won by resignation"]

1. e4 c5 2. Nf3 d6 3. d4 cxd4 4. Nxd4 Nf6 5. Nc3 a6 6. Bg5 Nbd7 7. Bc4 Qc7 8. Bb3 Nc5 9. Qe2 e6 10. O-O-O Be7 11. f3 O-O 12. h4 b5 13. g4 b4 14. Na4 Bd7 15. e5 Nxb3+ 16. axb3 dxe5 17. Bxf6 Bxf6 18. g5 Be7 19. f4 exd4 20. Rxd4 Bxa4 21. bxa4 b3 22. c3 Qc6 23. Rhd1 Rfc8 24. f5 Bc5 25.
Rf4 exf5 26. h5 Re8 0-1

[Event "*** Titled Tuesday Blitz"]
[Site "Chess.com"]
[Date "2021.04.20"]
[Round "5"]
[White "Nayemhaque22"]
[Black "ChessAdvanceUSA"]
[Result "1-0"]
[WhiteElo "2462"]
[BlackElo "2319"]
[TimeControl "180+1"]
[EndTime "10:53:06 PDT"]
[Termination "Nayemhaque22 won by resignation"]

1. d4 c5 2. d5 d6 3. c4 b5 4. cxb5 a6 5. b6 Nf6 6. Nf3 g6 7. g3 Bg7 8. Bg2 Qxb6 9. O-O O-O 10. Nfd2 a5 11. Nc4 Qc7 12. Re1 a4 13. e4 Ba6 14.
Qc2 Ng4 15. h3 Ne5 16. Nbd2 Nbd7 17. Rb1 Rfb8 18. b3 axb3 19. axb3 Nxc4 20. Nxc4 Ne5 21. Bb2 Nxc4 22. bxc4 Bxb2 23. Rxb2 Rxb2 24. Qxb2 Bxc4 25. e5 Qa5 26. Rc1 Bb3 27. Qxb3 Qa3 28. Qxa3 Rxa3 29.
exd6 exd6 30. Rb1 Kf8 31. Rb7 h5 32. Rd7 Ra6 33. Bf1 Rb6 34. h4 Ke8 35. Ra7 Rb1 36.
Kg2 Rd1 37. Bb5+ Kf8 38. Bc6 c4 39. Rc7 c3 40. Ba4 Rxd5 41. Rxc3 Rf5 42. Bb3 Ke7 43. Rf3 Rxf3 44. Kxf3 f6 45. Ke4 g5 46. Kf5 gxh4 47.
gxh4 1-0

[Event "*** Titled Tuesday Blitz"]
[Site "Chess.com"]
[Date "2021.04.20"]
[Round "5"]
[White "dhaessel"]
[Black "AniJak"]
[Result "0-1"]
[WhiteElo "2078"]
[BlackElo "2275"]
[TimeControl "180+1"]
[EndTime "10:53:06 PDT"]
[Termination "AniJak won on time"]

1. d4 f5 2. g3 Nf6 3. Bg2 g6 4.
c4 Bg7 5. Nc3 O-O 6. Nf3 d6 7.
O-O Nc6 8. d5 Ne5 9. Nxe5 dxe5 10.
c5 e4 11. Qb3 Kh8 12. Rd1 Nd7 13. Be3 b6 14. c6 Ne5 15. Bd4 Ba6 16. f4 Ng4 17.
Bxg7+ Kxg7 18. Nb5 Bxb5 19. Qxb5 Ne3 20. Rd2 Qd6 21.
Qb3 Ng4 22. e3 Rad8 23. Bf1 Qc5 24. Re1 h6 25. Bc4 Kh7 26. a4 e6 0-1

[Event "*** Titled Tuesday Blitz"]
[Site "Chess.com"]
[Date "2021.04.20"]
[Round "5"]
[White "Ermito2020"]
[Black "TigrVShlyape"]
[Result "0-1"]
[WhiteElo "2599"]
[BlackElo "2820"]
[TimeControl "180+1"]
[EndTime "10:53:07 PDT"]
[Termination "TigrVShlyape won by resignation"]

1. e4 e5 2. Nf3 Nc6 3. d4 exd4 4. Bc4 Nf6 5. O-O Nxe4 6. Re1 d5 7. Bxd5 Qxd5 8. Nc3 Qd8 9. Rxe4+ Be7 10. Nxd4 O-O 11. Nxc6 bxc6 12. Qxd8 Bxd8 13. Rc4 Rb8 14. Rxc6 Re8 15.
Bf4 Rxb2 16. Bxc7 Bb7 17. Rc4 Bf6 18. Rc1 Rxc2 19. Rb1 Rxc3 0-1

[Event "*** Titled Tuesday Blitz"]
[Site "Chess.com"]
[Date "2021.04.20"]
[Round "5"]
[White "GoValya"]
[Black "ExtremeLearner"]
[Result "1-0"]
[WhiteElo "2294"]
[BlackElo "2437"]
[TimeControl "180+1"]
[EndTime "10:53:07 PDT"]
[Termination "GoValya won by resignation"]

1. d4 Nf6 2. c4 c5 3. d5 b5 4. g3 d6 5. Bg2 g6 6. e4 Bg7 7. Ne2 O-O 8. O-O bxc4 9. Nd2 Nbd7 10. Nxc4 Nb6 11. Na5 Bd7 12. Bd2 Qc7 13. Rc1 Rab8 14. b4 Na4 15. Nd4 Nxd5 16. exd5 Bxd4 17. Bh6 Bg7 18.
Bxg7 Kxg7 19. a3 Rfc8 20. Re1 Qd8 21. Nc6 Bxc6 22. dxc6 Nb6 23. bxc5 dxc5 24. Qxd8 Rxd8 25. c7 1-0

[Event "*** Titled Tuesday Blitz"]
[Site "Chess.com"]
[Date "2021.04.20"]
[Round "5"]
[White "fyall777"]
[Black "HouseOfDurin"]
[Result "1-0"]
[WhiteElo "2321"]
[BlackElo "2126"]
[TimeControl "180+1"]
[EndTime "10:53:07 PDT"]
[Termination "fyall777 won by checkmate"]

1. f4 c5 2. Nf3 d5 3. g3 Nc6 4. Bg2 g6 5. O-O Bg7 6. d3 e5 7.
fxe5 Nxe5 8. Nxe5 Bxe5 9. Nc3 Ne7 10. Bh6 Be6 11. e4 Bxc3 12. bxc3 d4 13. Bg7 Rg8 14. Bf6 Qd7 15. cxd4 cxd4 16. c3 dxc3 17. Bxc3 O-O-O 18. d4 Bh3 19. Bxh3 Qxh3 20. Rxf7 Nc6 21.
d5 Rd7 22. Rxd7 Qxd7 23. dxc6 Qxc6 24. Qd5 Rd8 25. Qxc6+ bxc6 26. e5 Rd3 27. Rc1 Kd7 28.
Kf2 Rd5 29. Rb1 Ke6 30. Ke2 Rc5 31. Kd3 h5 32. Rb7 Rd5+ 33. Kc4 Rd1 34. Rc7 Rh1 35.
Rxc6+ Kd7 36. Rxg6 Rxh2 37. e6+ Ke8 38. Bb4 Rxa2 39.
Rg8# 1-0

[Event "*** Titled Tuesday Blitz"]
[Site "Chess.com"]
[Date "2021.04.20"]
[Round "5"]
[White "viktorgen2021"]
[Black "pifion"]
[Result "0-1"]
[WhiteElo "2369"]
[BlackElo "2559"]
[TimeControl "180+1"]
[EndTime "10:53:09 PDT"]
[Termination "pifion won by resignation"]

1. d4 Nf6 2. Nf3 d5 3. c4 e6 4. g3 dxc4 5. Bg2 a6 6. a4 Nc6 7. O-O Rb8 8. e3 b5 9. Nfd2 Bb7 10. Na3 Bxa3 11. Rxa3 O-O 12. Ra1 Nb4 13. b3 Bxg2 14. Kxg2 c3 15. Nf3 Qd5 16. Ba3 bxa4 17. bxa4 Ne4 18. Kg1 Rb6 19. Rc1 Rfb8 20. Ne5 f6 21. Nd3 c2 22. Qe2 Nxd3 23. Qxd3 Rb3 24. Qxc2 Rxa3 25.
Qxc7 Rf8 26. Rc6 Nd2 27. Rfc1 Nf3+ 28. Kf1 Nxh2+ 29. Ke2 Ra2+ 30. Kd3 Qf5+ 31. Kc3 Qxf2 32. Qe7 Qxe3+ 33. Kb4 Qa3+ 34. Kc4 Qxe7 0-1

[Event "*** Titled Tuesday Blitz"]
[Site "Chess.com"]
[Date "2021.04.20"]
[Round "5"]
[White "MaevskiyNikolay"]
[Black "ChampStan"]
[Result "1-0"]
[WhiteElo "2470"]
[BlackElo "2092"]
[TimeControl "180+1"]
[EndTime "10:53:10 PDT"]
[Termination "MaevskiyNikolay won by resignation"]

1. Nf3 Nf6 2. c4 g6 3. Nc3 d5 4. cxd5 Nxd5 5. Qa4+ Nc6 6. Ne5 Nb6 7. Nxc6 Nxa4 8. Nxd8 Nxc3 9. Nxf7 Kxf7 10. dxc3 Bg7 11. e4 c6 12. Bc4+ Be6 13. Bxe6+ Kxe6 14. Ke2 b5 15.
Be3 a5 16. Bd4 Bf6 17. Rhd1 Rhd8 18. Rac1 Rd7 19. Bb6 Rb7 20. Bd4 Rd8 21. Bxf6 Rxd1 22. Rxd1 exf6 23. Rd8 h5 24. Kd3 Rd7+ 25. Rxd7 Kxd7 26. f4 Kd6 27. g3 c5 28. b3 g5 29.
e5+ fxe5 30. fxg5 Ke6 31. Ke4 b4 32. c4 1-0

[Event "*** Titled Tuesday Blitz"]
[Site "Chess.com"]
[Date "2021.04.20"]
[Round "5"]
[White "Susal_De_Silva"]
[Black "volkanyirik"]
[Result "1-0"]
[WhiteElo "2580"]
[BlackElo "2400"]
[TimeControl "180+1"]
[EndTime "10:53:13 PDT"]
[Termination "Susal_De_Silva won by resignation"]

1. e4 g6 2. d4 Bg7 3. Nc3 c5 4. d5 d6 5. g3 a6 6. Bg2 b5 7. h4 h5 8. Nce2 Nf6 9. Nh3 O-O 10. Ng5 Nbd7 11. Nf4 Ne5 12. O-O Bd7 13. b3 b4 14. Bb2 Bb5 15. Re1 Nfg4 16. Rb1 a5 17. f3 Nf6 18. Nfe6 fxe6 19. Nxe6 Qe8 20. f4 Neg4 21. e5 dxe5 22. fxe5 Nh7 23. d6 Rd8 24. Nc7 Qd7 25. Bd5+ Kh8 26. Be6 Qc6 27. Bxg4 hxg4 28. Qxg4 exd6 29. Ne6 Qd7 30. Qxg6 Qf7 31. Qxf7 Rxf7 32. Nxd8 Rf3 33. exd6 1-0

[Event "*** Titled Tuesday Blitz"]
[Site "Chess.com"]
[Date "2021.04.20"]
[Round "5"]
[White "hedgehog280"]
[Black "HanSchut"]
[Result "1-0"]
[WhiteElo "2557"]
[BlackElo "2265"]
[TimeControl "180+1"]
[EndTime "10:53:13 PDT"]
[Termination "hedgehog280 won by resignation"]

1. Nf3 Nf6 2. b3 g6 3. Bb2 Bg7 4. g3 O-O 5. Bg2 d5 6. O-O c5 7. c4 dxc4 8. bxc4 Nc6 9. d3 Bg4 10. Nbd2 Qd7 11. Re1 Bh3 12. Bh1 Rac8 13. Qb3 b6 14. Bc3 Rfe8 15. Ng5 Nd4 16. Qb2 Bg4 17.
f3 h6 18. Nxf7 Kxf7 19. fxg4 Nxg4 20. e3 Nf5 21. Bxg7 Nxg7 22. Rad1 e6 23. h3 Nf6 24. Rf1 Qe7 25. Ne4 Nh5 26. g4 Kg8 27. Nxf6+ Nxf6 28. Qxf6 Qxf6 29. Rxf6 Kg7 30. Rdf1 Re7 31. Be4 1-0

[Event "*** Titled Tuesday Blitz"]
[Site "Chess.com"]
[Date "2021.04.20"]
[Round "5"]
[White "Sashadav97"]
[Black "TimofeevAr"]
[Result "1-0"]
[WhiteElo "2625"]
[BlackElo "2818"]
[TimeControl "180+1"]
[EndTime "10:53:17 PDT"]
[Termination "Sashadav97 won by resignation"]

1. d4 Nf6 2. c4 g6 3. Nc3 d5 4.
cxd5 Nxd5 5. e4 Nxc3 6. bxc3 Bg7 7. Nf3 c5 8. Bb5+ Nd7 9. O-O O-O 10. Re1 Qc7 11. Bg5 e6 12. Rc1 a6 13. Bf1 b6 14.
d5 Bb7 15. d6 Qc6 16. Be7 Rfe8 17. e5 b5 18. Qd2 Bf8 19. Bxf8 Nxf8 20. Qh6 Rad8 21. Ng5 Qd5 22. Re3 Qd2 23. Rce1 c4 24. Rh3 b4 25. Ree3 Rxd6 26. Nxh7 Nxh7 27. Qxh7+ Kf8 28.
exd6 Qxd6 29. Bxc4 Ke7 30. Qh4+ Kf8 31. Qf6 1-0

[Event "*** Titled Tuesday Blitz"]
[Site "Chess.com"]
[Date "2021.04.20"]
[Round "5"]
[White "mbachez"]
[Black "Nf3c5"]
[Result "1-0"]
[WhiteElo "2453"]
[BlackElo "2616"]
[TimeControl "180+1"]
[EndTime "10:53:17 PDT"]
[Termination "mbachez won on time"]

1. d4 Nf6 2. c4 g6 3. Nf3 Bg7 4. Nc3 d5 5. e3 O-O 6. Be2 c5 7. dxc5 Qa5 8. O-O dxc4 9. Qd4 Be6 10. Ng5 Nd5 11. Qh4 h6 12. Nxe6 fxe6 13. Bxc4 Qxc5 14.
Bb3 Nc6 15. e4 Nxc3 16. bxc3 Kh7 17. Bxe6 Ne5 18. Be3 Qxc3 19. Rac1 Qa5 20. Qxe7 Rae8 21. Qd6 Rf6 22. Rc5 Qa6 23. Qxa6 bxa6 24. Bd5 Nd3 25.
Rc7 Ref8 26. Bd4 1-0

[Event "*** Titled Tuesday Blitz"]
[Site "Chess.com"]
[Date "2021.04.20"]
[Round "5"]
[White "InvisibleWarrior2252"]
[Black "ckgchess"]
[Result "0-1"]
[WhiteElo "2506"]
[BlackElo "2697"]
[TimeControl "180+1"]
[EndTime "10:53:18 PDT"]
[Termination "ckgchess won by resignation"]

1. e4 c5 2. Nf3 g6 3. d4 cxd4 4. Qxd4 Nf6 5. Nc3 Nc6 6. Qa4 d6 7. e5 dxe5 8. Nxe5 Bd7 9. Nxd7 Qxd7 10. Be3 Bg7 11. Rd1 Qg4 12. Qb3 O-O 13. Qxb7 Nb4 14. Bd3 Rfb8 15. Qxe7 Qxg2 16. Rf1 Nxd3+ 17. Rxd3 Ng4 18.
Rd7 Rf8 19. h3 Nh2 0-1

[Event "*** Titled Tuesday Blitz"]
[Site "Chess.com"]
[Date "2021.04.20"]
[Round "5"]
[White "Durarbayli"]
[Black "ErikBlomqvist"]
[Result "1-0"]
[WhiteElo "2753"]
[BlackElo "2581"]
[TimeControl "180+1"]
[EndTime "10:53:20 PDT"]
[Termination "Durarbayli won by resignation"]

1. e4 c6 2. d4 d5 3. exd5 cxd5 4. c4 Nf6 5. Nc3 Nc6 6. Nf3 a6 7. c5 Bg4 8. Be2 g6 9. Ne5 Bxe2 10. Nxe2 Nxe5 11. dxe5 Ne4 12. Be3 Qa5+ 13. Kf1 Nxc5 14.
Qxd5 e6 15. Qc4 Be7 16. b4 Qa4 17. Bxc5 Rd8 18. Qb3 1-0

[Event "*** Titled Tuesday Blitz"]
[Site "Chess.com"]
[Date "2021.04.20"]
[Round "5"]
[White "kubal123"]
[Black "Kostukov_Alex"]
[Result "1-0"]
[WhiteElo "2241"]
[BlackElo "2345"]
[TimeControl "180+1"]
[EndTime "10:53:21 PDT"]
[Termination "kubal123 won by resignation"]

1. d4 g6 2. e4 Bg7 3. Nc3 d6 4. Be3 e5 5. dxe5 dxe5 6. Qxd8+ Kxd8 7. O-O-O+ Nd7 8. h4 h5 9. Bc4 Nh6 10. Nf3 c6 11. Ng5 Ke7 12. Rd2 Rf8 13. Rhd1 b6 14. Rd6 Ng4 15. Rxc6 Nxe3 16. fxe3 Bh6 17. Nd5+ Kd8 18.
Rd6 Bxg5 19. hxg5 Rb8 20. Nf6 Rb7 21. Bb5 Ke7 22. Bxd7 Rd8 23. Bxc8 Rxd6 24. Bxb7 1-0

[Event "*** Titled Tuesday Blitz"]
[Site "Chess.com"]
[Date "2021.04.20"]
[Round "5"]
[White "Politov_Pavel"]
[Black "Steegersee"]
[Result "0-1"]
[WhiteElo "2343"]
[BlackElo "2228"]
[TimeControl "180+1"]
[EndTime "10:53:21 PDT"]
[Termination "Steegersee won by resignation"]

1. d4 Nf6 2. Nc3 d5 3. Bg5 Nbd7 4. Nf3 g6 5. Qd2 Bg7 6. Bh6 O-O 7. h4 Ne4 8. Nxe4 dxe4 9. Bxg7 Kxg7 10. Ng5 Nf6 11. O-O-O h6 12. Nh3 h5 13. Qg5 Qd5 14. Qg3 Qxa2 15. d5 Qa1+ 16. Kd2 Qxb2 17. Nf4 Rd8 18. Ke1 c6 19. e3 Qc3+ 20. Rd2 cxd5 21. Be2 Bg4 22. f3 Bf5 23. Kd1 0-1

[Event "*** Titled Tuesday Blitz"]
[Site "Chess.com"]
[Date "2021.04.20"]
[Round "5"]
[White "Trickster_Pony"]
[Black "ErikRonka"]
[Result "0-1"]
[WhiteElo "1589"]
[BlackElo "2467"]
[TimeControl "180+1"]
[EndTime "10:53:22 PDT"]
[Termination "ErikRonka won by resignation"]

1. c4 c6 2. g3 d5 3. Bg2 Nf6 4. Nf3 Bg4 5. O-O Nbd7 6. cxd5 Bxf3 7. Bxf3 cxd5 8. Nc3 e6 9. d4 Be7 10. Qb3 Qb6 11.
Qxb6 Nxb6 12. b3 Rc8 13. Bb2 a6 14. a4 Bb4 15. Rfc1 Ke7 16. a5 Nbd7 17. Ra4 Bd6 18. Ba3 Bxa3 19. Rxa3 Rc6 20. Na2 Rhc8 21. Rxc6 Rxc6 22.
Nb4 Rc3 23. Na2 Rc2 24. b4 Ne8 25. Nc3 Nd6 26. e4 Nc4 27. Rb3 Nd2 28. Bd1 Rc1 29. Rb2 Nxe4 30. Nxe4 Rxd1+ 0-1

[Event "*** Titled Tuesday Blitz"]
[Site "Chess.com"]
[Date "2021.04.20"]
[Round "5"]
[White "Grineva_Marianna"]
[Black "Backtothebeginning"]
[Result "1-0"]
[WhiteElo "2216"]
[BlackElo "2012"]
[TimeControl "180+1"]
[EndTime "10:53:24 PDT"]
[Termination "Grineva_Marianna won by checkmate"]

1. e4 e5 2. f4 d5 3. exd5 exf4 4. Nf3 Nf6 5. Bb5+ c6 6. Qe2+ Be7 7. dxc6 bxc6 8.
Bc4 c5 9. d3 Qc7 10. O-O O-O 11. Nc3 Nc6 12. Ng5 Bg4 13. Qf2 Nd4 14. Bxf4 Qc6 15.
Rae1 Rae8 16. Be5 h6 17. Nge4 Nxe4 18. Nxe4 Bd8 19. Bxf7+ Rxf7 20. Qxf7+ Kh8 21. Qxg7# 1-0

[Event "*** Titled Tuesday Blitz"]
[Site "Chess.com"]
[Date "2021.04.20"]
[Round "5"]
[White "Agoking701"]
[Black "Carolina-moon"]
[Result "1-0"]
[WhiteElo "2317"]
[BlackElo "2114"]
[TimeControl "180+1"]
[EndTime "10:53:25 PDT"]
[Termination "Agoking701 won on time"]

1. Nc3 Nf6 2. d4 d5 3. Bf4 Bf5 4. e3 e6 5. f3 c5 6. g4 Bg6 7.
h4 h6 8. Bg3 Bd6 9. Nge2 Bxg3+ 10. Nxg3 cxd4 11. exd4 Qd6 12. Kf2 Nc6 13. Bd3 Bxd3 14.
Qxd3 Qf4 15. Nce2 Nxg4+ 16. Ke1 Qf6 17. fxg4 Rc8 18. c3 O-O 19. g5 Qe7 20. gxh6 e5 21. hxg7 Rfe8 22. Qe3 exd4 23. Qh6 1-0

[Event "*** Titled Tuesday Blitz"]
[Site "Chess.com"]
[Date "2021.04.20"]
[Round "5"]
[White "bocah_sakit"]
[Black "ENajer77"]
[Result "1-0"]
[WhiteElo "2827"]
[BlackElo "2683"]
[TimeControl "180+1"]
[EndTime "10:53:26 PDT"]
[Termination "bocah_sakit won on time"]

1. e4 c6 2. d4 d5 3. Nd2 dxe4 4. Nxe4 Bf5 5. Ng3 Bg6 6. Nf3 Nd7 7. h4 h6 8. h5 Bh7 9. Bd3 Bxd3 10. Qxd3 e6 11.
Bd2 Ngf6 12. O-O-O Be7 13. Qe2 Rc8 14. Kb1 c5 15. d5 Nxd5 16. Ne4 O-O 17. g4 c4 18.
c3 Qb6 19. g5 Ba3 20. Bc1 f5 21. gxf6 N7xf6 22. Ka1 Nxe4 23. Qxe4 Bc5 24. Bxh6 Ba3 25.
bxa3 Nxc3 26. Qe5 1-0

[Event "*** Titled Tuesday Blitz"]
[Site "Chess.com"]
[Date "2021.04.20"]
[Round "5"]
[White "Nuvas"]
[Black "Apocalyps999"]
[Result "1-0"]
[WhiteElo "2640"]
[BlackElo "2440"]
[TimeControl "180+1"]
[EndTime "10:53:27 PDT"]
[Termination "Nuvas won by resignation"]

1. d4 d5 2. c4 c6 3. cxd5 cxd5 4. Bf4 Nf6 5. Nc3 Nc6 6. e3 Bg4 7. Qb3 Na5 8. Qa4+ Bd7 9. Qc2 e6 10. Bd3 Bb4 11. Nf3 Nh5 12. Bg5 f6 13. Bh4 g5 14.
Bg3 Nxg3 15. hxg3 h6 16. e4 dxe4 17. Bxe4 Nc4 18. O-O Nd6 19. Bg6+ Kf8 20. a3 Bxc3 21.
Qxc3 Kg7 22. Bd3 Rc8 23. Qb4 Bc6 24. Rfe1 Bd5 25. Rac1 Qd7 26. Nd2 h5 27. Nb3 h4 28.
Nc5 Qf7 29. Nxe6+ Bxe6 30. Qxd6 hxg3 31. Rxc8 Rxc8 32. Qxe6 Qxe6 33. Rxe6 Rc1+ 34. Bf1 gxf2+ 35. Kxf2 Rc2+ 36. Re2 Rc4 37. Rd2 1-0

[Event "*** Titled Tuesday Blitz"]
[Site "Chess.com"]
[Date "2021.04.20"]
[Round "5"]
[White "The_filthy"]
[Black "prachiti01"]
[Result "1-0"]
[WhiteElo "2427"]
[BlackElo "2211"]
[TimeControl "180+1"]
[EndTime "10:53:27 PDT"]
[Termination "The_filthy won by checkmate"]

1. e4 e6 2. d4 d5 3. Nc3 Bb4 4. e5 c5 5. Bd2 cxd4 6. Nb5 Bxd2+ 7. Qxd2 Ne7 8. Nd6+ Kf8 9. Qf4 Nf5 10. Nxf5 exf5 11.
O-O-O Nc6 12. Nf3 Be6 13. Kb1 Qb6 14. Bd3 g6 15. g4 Ne7 16. Nxd4 fxg4 17. Qf6 Rg8 18.
c3 a6 19. Rhf1 Ke8 20. f3 gxf3 21. Rxf3 Kd7 22. Bc2 Kd8 23. c4 Ke8 24. Ba4+ Kf8 25. Nxe6+ Qxe6 26. Qxe6 dxc4 27. Qxf7# 1-0

[Event "*** Titled Tuesday Blitz"]
[Site "Chess.com"]
[Date "2021.04.20"]
[Round "5"]
[White "atwalcb"]
[Black "winniethepooh04"]
[Result "1-0"]
[WhiteElo "2452"]
[BlackElo "2255"]
[TimeControl "180+1"]
[EndTime "10:53:27 PDT"]
[Termination "atwalcb won on time"]

1. d4 Nf6 2. Bg5 g6 3. Bxf6 exf6 4. g3 Bg7 5. Bg2 O-O 6. e3 d5 7. Ne2 h5 8. h4 Re8 9. O-O Bf5 10. c4 c6 11.
cxd5 cxd5 12. Nbc3 Be4 13. Qb3 a5 14. Qxb7 Na6 15.
Nxd5 Rb8 16. Qxa6 Qxd5 17. Nc3 Qb7 18. Qxb7 Bxb7 19. Bxb7 Rxb7 20. b3 f5 21. Na4 f4 22.
gxf4 Bf6 23. Rac1 Bxh4 24. Rc5 g5 25. fxg5 Re4 26. Kg2 f5 27. Kf3 Rg7 28. Rxf5 Rg4 29. Rc1 Bxg5 30. Nc5 Bh4 31. Ne6 R7g6 32. Rc8+ Kh7 33.
Nf8+ 1-0